 Dungeon Crawl Stone Soup version 0.27.1-34-g3ba077fa99 (webtiles) character file.

Game seed: 9956268512058317206

113 cbfl8 the Sneak (level 4, -2/40 HPs)
             Began as a Minotaur Delver on Jan 26, 2022.
             Slain by Terence (8 damage)
             ... on level 2 of the Dungeon.
             The game lasted 00:01:45 (724 turns).

cbfl8 the Sneak (Minotaur Delver)                    Turns: 724, Time: 00:01:45

Health: -2/40      AC:  3    Str: 17    XL:     4   Next: 65%
Magic:  3/3        EV: 12    Int:  7    God:
Gold:   0          SH:  0    Dex: 12    Spells: 3/3 levels left

rFire    . . .     SeeInvis .   a - +0 hand axe
rCold    . . .     Faith    .   (no shield)
rNeg     . . .     Spirit   .   b - +0 leather armour
rPois    .         Reflect  .   (helmet restricted)
rElec    .         Harm     .   (no cloak)
rCorr    .         Rampage  .   (no gloves)
Will     .....                  (no boots)
Stlth    +++.......             (no amulet)
HPRegen  0.13/turn              (no ring)
MPRegen  0.08/turn              (no ring)

@: no status effects
A: horns 2, retaliatory headbutt
a: no special abilities


You were on level 2 of the Dungeon.
You visited 1 branch of the dungeon, and saw 4 of its levels.

Inventory:

Hand Weapons
 a - a +0 hand axe (weapon)
Missiles
 i - 33 arrows
Armour
 b - a +0 leather armour (worn)
Wands
 g - a wand of digging (3)
Scrolls
 c - a scroll of fog
 d - a scroll of magic mapping
 e - a scroll of fear
 h - a scroll of identify {unknown}
Potions
 f - 2 potions of haste


   Skills:
 + Level 4.2 Fighting
 + Level 2.8 Axes
 + Level 1.0 Armour
 + Level 2.4 Dodging
 + Level 5.3 Stealth


You had 3 spell levels left.
You didn't know any spells.
Your spell library contained the following spells:

 Spells                   Type           Power      Damage    Failure   Level
 Call Canine Familiar     Summ           0%         N/A       86%         3
 Portal Projectile        Hex/Tloc       0%         N/A       86%         3
 Leda's Liquefaction      Hex/Erth       0%         N/A       99%         4


Dungeon Overview and Level Annotations

Branches:
Dungeon (5/15)
 Temple: D:4-7

Altars:
Elyvilon

Annotations:
D:2 Terence


Innate Abilities, Weirdness & Mutations

You have a pair of horns on your head.
You reflexively headbutt those who attack you in melee.


Message History

You barely miss the bat. You headbutt the bat, but do no damage.
The bat closely misses you. You furiously retaliate!
You headbutt the bat!
You kill the bat!
Your Armour skill increases to level 1!
There is a stone staircase leading up here.
You climb upwards.
There is a stone staircase leading down here.
There is a stone staircase leading down here.
Terence the Incautious comes into view.
He is wielding a +0 flail.
Terence shouts!
You hear an angry hiss.
A ball python comes into view.
Terence hits you with a +0 flail!
You hit Terence but do no damage. Terence misses you.
You hit Terence.
Terence is lightly wounded.
Terence hits you with a +0 flail.
You barely miss Terence.
Terence is lightly wounded.
You hit the ball python.
You kill the ball python!
Terence hits you with a +0 flail.
You hit Terence.
Terence is lightly wounded.
Terence hits you with a +0 flail! Terence hits you with a +0 flail.
You slash Terence! Your headbutt misses Terence.
Terence is heavily wounded.
Terence barely misses you.
You completely miss Terence. You headbutt Terence.
Terence is severely wounded.
Terence bares his teeth.
Terence hits you with a +0 flail!
* * * LOW HITPOINT WARNING * * *
You hit Terence but do no damage.
Terence is severely wounded.
Terence hits you with a +0 flail.
* * * LOW HITPOINT WARNING * * *
You barely miss Terence. You headbutt Terence.
Terence is severely wounded.
Terence hits you with a +0 flail!
You die...

#### ########
#..######......#
......#...>.##......#
......#####.##†.....#
#.............@@....#
#.. .#.#####.#......#
.. #..#......# .
.......#####
S######.# .. #.. #
###. .


You could see Terence.

Vanquished Creatures
  A scorpion (D:5)
  A bullfrog zombie (D:5)
  2 adders
  2 ball pythons
  A bat (D:3)
  A hobgoblin (D:4)
  A quokka (D:4)
  2 kobolds (D:4)
11 creatures vanquished.

Notes
Turn   | Place    | Note
-------+----------+-------------------------------------------
     0 | D:5      | cbfl8 the Minotaur Delver began the quest for the Orb.
     0 | D:5      | Reached XP level 1. HP: 19/19 MP: 0/0
    38 | D:5      | Reached XP level 2. HP: 9/27 MP: 1/1
    38 | D:5      | Reached XP level 3. HP: 11/33 MP: 2/2
   250 | D:5      | Found a white marble altar of Elyvilon.
   299 | D:5      | Noticed a scorpion
   306 | D:5      | Killed a scorpion
   307 | D:5      | Reached skill level 5 in Stealth
   307 | D:5      | Reached XP level 4. HP: 7/40 MP: 3/3
   559 | D:5      | Noticed a phantom
   695 | D:3      | Reached skill level 1 in Armour
   711 | D:2      | Noticed Terence
   724 | D:2      | Slain by Terence

Illustrated notes

Levels and vault maps discovered:
D:2:      layout_rooms, serial_curves, eino_curves_01, eino_curves_01,
          eino_curves_02, dk_vineyard_2, uniq_terence, uniq_jessica, uniq_robin
D:3:      layout_loops_cross, ebering_ecumenical_altar_sacrificial
D:4:      layout_basic
D:5:      layout_gridville, mainiacjoe_overflow_alcove_2

Skill      XL: |  1  2  3  4 |
---------------+-------------+-----
Fighting       | 4 |  4.2
Stealth        | 5 |  5.3
Armour         | 1 |  1.0
Axes           | |  2.8
Dodging        | |  2.4

Action                   |  1- 3 |  4- 6 || total
-------------------------+-------+-------++-------
Melee: Hand axe          |    16 |    23 ||    39
       Headbutt          |     6 |     4 ||    10
  Use: Potion            |       |     2 ||     2
Armor: Leather armour    |     6 |     3 ||     9
Dodge: Dodged            |    11 |    21 ||    32
